 Dungeon Crawl Stone Soup version 0.29.0-4-gdea44cf6ec (console) character file.

Game seed: 15373826513123222523

123 Cab the Chopper (level 4, -4/35 HPs)
             Began as a Demonspawn Fighter on Aug 27, 2022.
             Was an Initiate of Hepliaklqana.
             Killed by divine providence
             ... invoked by an orc priest
              (11 damage)
             ... on level 3 of the Dungeon.
             The game lasted 00:05:57 (2556 turns).

Cab the Chopper (Demonspawn Fighter)                Turns: 2556, Time: 00:05:57

Health: -4/35      AC:  6    Str: 18    XL:     4   Next: 79%
Magic:  4/4        EV:  9    Int:  9    God:    Hepliaklqana [......]
Gold:   119        SH:  4    Dex: 13    Spells: 3/3 levels left

rFire   . . .      SeeInvis .   a - +0 war axe
rCold   . . .      Faith    .   c - +0 buckler
rNeg    . . .      Spirit   .   b - +0 scale mail
rPois   .          Reflect  .   (no helmet)
rElec   .          Harm     .   (no cloak)
rCorr   .          Rampage  .   (no gloves)
Will    .....                   (no boots)
Stlth   ..........              (no amulet)
HPRegen 0.11/turn               (no ring)
MPRegen 0.09/turn               (no ring)

@: mighty
A: demonic guardian 1
a: Renounce Religion


You were on level 3 of the Dungeon.
You worshipped Hepliaklqana.
Hepliaklqana was noncommittal.
You visited 1 branch of the dungeon, and saw 3 of its levels.

You collected 119 gold pieces.

Inventory:

Hand Weapons
 a - a +0 war axe (weapon)
Armour
 b - a +0 scale mail (worn)
 c - a +0 buckler (worn)
Jewellery
 i - a ring of see invisible
Scrolls
 e - a scroll of magic mapping {unknown}
 f - a scroll of vulnerability {unknown}
 g - a scroll of immolation {unknown}
 h - a scroll of identify
 j - a scroll of teleportation {unknown}
 k - a scroll of noise {unknown}
 m - 2 scrolls of amnesia {unknown}
Potions
 l - a potion of attraction


   Skills:
 - Level 3.0 Fighting
 + Level 4.6 Axes
 - Level 2.6 Armour
 - Level 2.6 Shields


You had 3 spell levels left.
You didn't know any spells.
Your spell library contained the following spells:

 Spells                   Type           Power      Damage    Failure   Level
 Inner Flame              Hex/Fire       0%         N/A       99%         3
 Cause Fear               Hex            0%         N/A       100%        4
 Discord                  Hex            0%         N/A       100%        8


Dungeon Overview and Level Annotations

Branches:
Dungeon (3/15)

Altars:
Hepliaklqana
Vehumet

Shops:
D:3 *[


Innate Abilities, Weirdness & Mutations

A weak demonic guardian rushes to your aid.


Message History

What are your orders? t - Shout!
Orders for allies: a - Attack new target. p - Attack previous target. r - Retreat! s - Stop attacking. g - Guard the area. f - Follow me.
Anything else - Cancel.
Gang up on whom?
Press: ? - help, Dir - move target, f/p - orc priest
Aim: an orc priest, wielding a +0 hand axe (lightly wounded, ally target)
Okay, then.
Unknown command.
As you read the scroll labelled FEEFRUM HOAKHY, it crumbles to dust.
It is a scroll of identify.
l - a potion of attraction Your quasit barely misses the orc priest.
Your quasit claws the orc priest.
Your quasit barely misses the orc priest.
The orc priest hits your quasit with a +0 hand axe!
Press: ? - help, v - describe, . - travel
Here: an orc priest, wielding a +0 hand axe (moderately wounded, ally target)
The floor.
Your quasit closely misses the orc priest.
Your quasit barely misses the orc priest.
Your quasit claws the orc priest but does no damage.
The orc priest closely misses your quasit.
Something misses your quasit.
Your quasit barely misses the orc priest.
Your quasit claws the orc priest.
Your quasit misses the orc priest.
The orc priest closely misses your quasit.
Your quasit closely misses the orc priest.
Your quasit barely misses the orc priest.
Your quasit claws the orc priest.
The orc priest hits your quasit with a +0 hand axe.
Your quasit dies!
Your quasit disappears in a puff of smoke!
The orc closely misses you. The orc completely misses you.
The orc hits you but does no damage.
The orc priest mumbles some strange prayers to Beogh against you.
Beogh smites you!
You die...

∙∙∙∙∙▒▒ ∙∙∙∙∙∙∙∙∙▒
∙∙∙∙∙∙▒ ∙∙∙∙▒▒▒∙∙▒
o▒▒▒▒∙∙ ∙ ∙∙▒ ▒▒∙▒
∙∙∙ ▒∙∙▒▒ ▒▒▒∙▒
▒∙▒▒▒ ∙∙∙∙▒∙∙∙▒
▒▒▒∙∙∙▒ ▒∙∙∙▒
∙∙∙∙▒∙∙∙▒ ▒▒∙∙∙∙∙▒
▒▒▒∙▒
∞∙∙∙∙∙∙∙▒▒▒∙∙∙∙o∙▒
▒∙▒
▒▒▒▒▒∙∙∙∙▒▒o∙▒▒▒o▒
▒∙▒ ▒▒
▒∙∙∙∙▒∙)∙▒▒▒@▒ ▒∙▒
∙▒▒▒▒∙∙∙∙▒∙($▒▒∙o▒
▒∙▒
∙∙∙oo∙∙∙∙∙∙∙∙∙∙∙∙▒
▒∙▒
▒▒▒▒▒▒▒▒▒▒▒▒▒▒▒▒▒▒
▒∙▒ ▒∙▒ ▒∙▒ ▒∙▒
▒∙▒ ▒▒▒∙▒ ▒∙▒ ▒∙▒
▒∙∙∙▒ ▒∙▒ ▒∙▒
▒∙▒▒▒ ▒∙▒ ▒∙▒
▒∙▒▒▒▒▒▒▒▒▒∙▒


You could see an orc priest and 2 orcs.

Vanquished Creatures
  5 adders
  3 worms (D:2)
  2 dart slugs
  5 bats
  7 endoplasms
  3 giant cockroaches
  4 goblins
  6 hobgoblins
  2 jackals (D:1)
  2 kobolds (D:2)
  3 quokkas
  7 ball pythons
  4 frilled lizards
  9 rats
62 creatures vanquished.

Vanquished Creatures (collateral kills)
  An orc (D:3)
1 creature vanquished.

Grand Total: 63 creatures vanquished

Notes
Turn   | Place    | Note
-------+----------+-------------------------------------------
     0 | D:1      | Cab the Demonspawn Fighter began the quest for the Orb.
     0 | D:1      | Reached XP level 1. HP: 18/18 MP: 1/1
    53 | D:1      | Reached skill level 2 in Axes
   264 | D:1      | Gained mutation: A weak demonic guardian rushes to your
                  | aid. [demonic ancestry]
   264 | D:1      | Reached XP level 2. HP: 24/24 MP: 2/2
   521 | D:1      | Reached skill level 3 in Axes
   874 | D:2      | Reached XP level 3. HP: 26/29 MP: 3/3
  1069 | D:2      | Found a radiant altar of Vehumet.
  1928 | D:3      | Found Ikeugyt's Antique Armour Shoppe.
  1943 | D:3      | Reached skill level 4 in Axes
  1943 | D:3      | Reached XP level 4. HP: 33/35 MP: 4/4
  2276 | D:3      | Found Guask's Assorted Antiques.
  2393 | D:3      | Found a hazy altar of Hepliaklqana.
  2401 | D:3      | Became a worshipper of Hepliaklqana the Forgotten
  2556 | D:3      | Killed from afar by an orc priest

Illustrated notes

Levels and vault maps discovered:
D:1:      tarquinn_simple_flora_water_b, layout_basic, minmay_octomino_j4
D:2:      layout_loops_ring, basic_altar
D:3:      minmay_recursive_quarters, layout_loops_ring, lemuel_crystal_altar,
          serial_shops, shop, shop

Skill      XL: |  1  2  3 |
---------------+----------+-----
Axes           | 2 3 4 |  4.6
Fighting       | |  3.0
Armour         | |  2.6
Shields        | |  2.6

Action                   |  1- 3 |  4- 6 || total
-------------------------+-------+-------++-------
Melee: War axe           |   114 |    60 ||   174
  Use: Scroll            |       |     1 ||     1
       Potion            |       |     1 ||     1
 Stab: Distracted        |       |     1 ||     1
Armor: Scale mail        |    59 |    43 ||   102
Dodge: Dodged            |    60 |    40 ||   100
Block: Buckler           |    29 |    21 ||    50
